 Dungeon Crawl Stone Soup version 0.19-a0-1498-g0b85ae9 (webtiles) character file.

44 TheGoonsmith the Conjurer (level 3, 0/26 HPs)
             Began as a Draconian Conjurer on Sept 10, 2016.
             Slain by Ijyb (2 damage)
             ... on level 2 of the Dungeon.
             The game lasted 00:02:27 (1450 turns).

TheGoonsmith the Conjurer (Draconian Conjurer)      Turns: 1450, Time: 00:02:28

Health: 0/26       AC:  5    Str: 10    XL:     3   Next: 39%
Magic:  0/6        EV: 12    Int: 16    God:
Gold:   73         SH:  0    Dex: 11    Spells: 1 memorised, 5 levels left

rFire  . . .     SeeInvis .     d - +0 club
rCold  . . .     Gourm    .     (armour unavailable)
rNeg   . . .     Faith    .     (no shield)
rPois  .         Spirit   .     (helmet restricted)
rElec  .         Dismiss  .     (no cloak)
rCorr  .         Reflect  .     (no gloves)
MR     .....     Harm     .     (no boots)
Stlth  ++........               (no amulet)
                                (no ring)
                                (no ring)

@: no status effects
A: unfitting armour, cold-blooded, AC +5
a: no special abilities


You were on level 2 of the Dungeon.
You were hungry.

You visited 1 branch of the dungeon, and saw 2 of its levels.

You collected 73 gold pieces.

Inventory:

Hand Weapons
 d - a +0 club (weapon)
Scrolls
 e - 2 scrolls of identify {unknown}
 f - a scroll of fog {unknown}
 k - a scroll of amnesia {unknown}
Potions
 g - a potion of ambrosia {unknown}
 h - a potion of agility {unknown}
 i - 2 potions of heal wounds {unknown}
Books
 a - a book of Conjurations

   Spells                             Type                      Level
   a - Magic Dart                     Conjuration                  1
   b - Searing Ray                    Conjuration                  2
   c - Dazzling Spray                 Conjuration/Hexes            3
   d - Fulminant Prism                Conjuration/Hexes            4
   e - Iskenderun's Mystic Blast      Conjuration                  4
   f - Iskenderun's Battlesphere      Conjuration/Charms           5
Comestibles
 b - a bread ration
 c - 2 meat rations
 j - 2 chunks of flesh


   Skills:
 - Level 1.7 Dodging
 - Level 1.7 Stealth
 + Level 2.2 Spellcasting
 * Level 5.0 Conjurations


You had 5 spell levels left.
You knew the following spells:

 Your Spells              Type           Power        Failure   Level  Hunger
a - Magic Dart            Conj           ###.         2%          1    #......


Dungeon Overview and Level Annotations

Branches:
Dungeon (2/15)

Altars:

Annotations:
D:2 Ijyb


Innate Abilities, Weirdness & Mutations

Your plain brown scales are hard. (AC +5)
Your body does not fit into most forms of armour.
You are cold-blooded and may be slowed by cold attacks.


Message History

You hit Ijyb but do no damage.
Ijyb is severely wounded.
The bat moves out of view.
Ijyb hits you.
* * * LOW HITPOINT WARNING * * *
You hit Ijyb.
Your tail-slap misses Ijyb.
Ijyb is almost dead.
Ijyb hits you but does no damage. The bat hits you but does no damage.
Ijyb misses you.
Casting: Magic Dart
Confirm with . or Enter, or press ? or * to list all spells.
Aiming: Magic Dart
Press: ? - help, Shift-Dir - straight line, f/p - Ijyb
Aim: Ijyb, wearing a leather armour (severely wounded)
The magic dart hits Ijyb.
Ijyb is almost dead.
The bat closely misses you. Ijyb completely misses you. The bat hits you.
* * * LOW HITPOINT WARNING * * *
Ijyb hits you.
You die...

............#.# ..
#..........#.# #.#
##............## ..
....................
.............# .#
#.#..........####.#####
..####..#.#..$.b......
#. #....###..†......
#.####.#..# #.@g......
#.†....#..............
####..#....###.<.......
##....####...#..........
...#### ............>..
.### ...#.......... ##
....<####.##.# ####
..... .# .. ....


You could see Ijyb and a bat.

Vanquished Creatures
  An ooze (D:1)
  A worm (D:1)
  2 dart slugs (D:1)
  3 giant geckos (D:1)
  5 bats
  3 giant cockroaches (D:1)
  2 goblins
  2 hobgoblins (D:1)
  A quokka (D:2)
  6 giant newts (D:1)
  2 kobolds (D:1)
  3 rats
31 creatures vanquished.

Notes
Turn   | Place    | Note
-------+----------+-------------------------------------------
     0 | D:1      | TheGoonsmith the Draconian Conjurer began the quest for the Orb.
     0 | D:1      | Reached XP level 1. HP: 14/14 MP: 3/3
   273 | D:1      | Reached XP level 2. HP: 19/20 MP: 1/5
   844 | D:1      | Reached XP level 3. HP: 26/26 MP: 2/6
  1287 | D:1      | Reached skill level 5 in Conjurations
  1391 | D:2      | Noticed Ijyb
  1450 | D:2      | Slain by Ijyb

Vault maps used:
D:1:      zelgadis_glass_arrival_small
D:2:      uniq_iyjb

Skill      XL: |  1  2  3 |
---------------+----------+-----
Conjurations   | 5 |  5.0
Dodging        | |  1.7
Stealth        | |  1.7
Spellcasting   | |  2.2

Action                   || total
-------------------------++-------
Melee: Unarmed           ||     7
       Tailslap          ||     7
       Club              ||    64
 Cast: Magic Dart        ||    66
  Eat: Chunk             ||     2
Armor: Skin              ||    37
Dodge: Dodged            ||    63
